 Dungeon Crawl Stone Soup version 0.29-a0-1042-g87b1fcd763 (webtiles) character file.

Game seed: 12625083920971435984

38 xite the Ducker (level 3, 0/30 HPs)
             Began as a Djinni Monk on Aug 15, 2022.
             Slain by a scorpion (2 damage)
             ... on level 2 of the Dungeon.
             The game lasted 00:08:13 (2216 turns).

xite the Ducker (Djinni Monk)                       Turns: 2216, Time: 00:08:14

Health: 0/30       AC:  8    Str: 10    XL:     3   Next: 65%
Gold:   46         EV:  5    Int: 13    God:
                   SH:  0    Dex: 15

rFire   + + .      SeeInvis .   l - +3 dagger
rCold   x . .      Faith    .   (no shield)
rNeg    . . .      Spirit   .   p - +0 chain mail
rPois   ∞          Reflect  .   (no helmet)
rElec   .          Harm     .   (no cloak)
rCorr   .          Rampage  .   (no gloves)
Will    .....                   (boots unavailable)
Stlth   ..........              (no amulet)
HPRegen 0.10/turn               (no ring)
MPRegen 0.00/turn               (no ring)

@: flying
A: sickness immunity, fire resistance 2, cold vulnerability 1, float, innate
caster, HP casting, extra vitality 1
a: no special abilities


You were on level 2 of the Dungeon.
You visited 1 branch of the dungeon, and saw 3 of its levels.

You collected 46 gold pieces.

Inventory:

Hand Weapons
 a - a +0 falchion
 l - a +3 dagger (weapon)
Missiles
 k - 12 stones (quivered)
Armour
 b - a +0 robe
 g - a +0 leather armour
 o - a +0 ring mail
 p - a +0 chain mail (worn)
Magical Staves
 m - a staff of conjuration
Jewellery
 i - a ring of protection from fire
Scrolls
 d - a scroll of identify {unknown}
 f - a scroll of vulnerability {unknown}
 j - a scroll of immolation {unknown}
 n - a scroll of blinking {unknown}
 q - a scroll of teleportation {unknown}
Potions
 c - 2 potions of ambrosia
 e - 2 potions of curing {unknown}
 h - 2 potions of heal wounds {unknown}


   Skills:
 + Level 3.4 Fighting
 + Level 0.3(1.8) Short Blades
 - Level 2.9(3.0) Long Blades
 - Level 3.5 Dodging
 - Level 2.0 Stealth
 * Level 0.6 Spellcasting


You had 2 spell levels left.
You knew the following spells:

 Your Spells              Type           Power      Damage    Failure   Level
a - Necrotise             Necr           8%         1d4       100%        1
Your spell library was empty.


Dungeon Overview and Level Annotations

Branches:
Dungeon (3/15)

Altars:
Okawaru


Innate Abilities, Weirdness & Mutations

You are immune to sickness and miasma.
You are immune to poison.
Your flesh is very heat resistant. (rF++)
You are vulnerable to cold. (rC-)
You float through the air rather than walking.
You learn spells naturally, not from books.
Your magical power is your life essence.
You have superior vitality. (+4 MHP)


Message History

You fly upwards.
There is a stone staircase leading down here.
You closely miss the scorpion.
The scorpion is lightly wounded.
The orc barely misses you. The scorpion barely misses you.
You hit the scorpion.
The scorpion is moderately wounded.
The orc hits you but does no damage. The scorpion stings you.
You hit the scorpion.
The scorpion is severely wounded.
The orc barely misses you.
The scorpion stings you but does no damage.
You closely miss the scorpion.
The scorpion is severely wounded.
The orc hits you with a +0 whip.
The scorpion stings you but does no damage.
You barely miss the scorpion.
The scorpion is severely wounded.
The orc hits you but does no damage.
The scorpion stings you but does no damage.
You closely miss the scorpion.
The scorpion is severely wounded.
The scorpion stings you.
* * * LOW HITPOINT WARNING * * *
The orc hits you with a +0 whip.
* * * LOW HITPOINT WARNING * * *
You hit the scorpion.
The scorpion is almost dead.
The scorpion stings you but does no damage.
The orc hits you but does no damage.
You barely miss the scorpion.
The scorpion is almost dead.
The scorpion stings you.
* * * LOW HITPOINT WARNING * * *
The orc hits you with a +0 whip.
* * * LOW HITPOINT WARNING * * *
You hit the scorpion but do no damage.
The scorpion is almost dead.
The scorpion stings you.
You die...

#...########..##.######.#.#######
#................[......#.#......
###.#########.##.########.#......
###.#########..#.#######.........
.................................
###.##########...######..._......
...............................##
.....####......o.s.##..........#
.....# #.......@..............#
.....# #....<.....##......#...#
.....# #..........##......#...##
###.## #############......#.....
#.# #.....##.....#.##...## #.#
#..........###.##...# #.#
#...............###.# ###.#
#...............###.## ....#
#####...........#.....


You could see a scorpion and an orc.

Vanquished Creatures
  2 dart slugs
  An orc (D:3)
  7 ball pythons
  4 bats
  A giant cockroach (D:1)
  4 hobgoblins
  2 quokkas
  3 frilled lizards
  2 goblins
  3 kobolds
  2 rats
31 creatures vanquished.

Vanquished Creatures (others)
  A plant (D:1)
1 creature vanquished.

Grand Total: 32 creatures vanquished

Notes
Turn   | Place    | Note
-------+----------+-------------------------------------------
     0 | D:1      | xite the Djinni Monk began the quest for the Orb.
     0 | D:1      | Reached XP level 1. HP: 20/20 MP: 0/0
   242 | D:1      | Reached XP level 2. HP: 25/25 MP: 0/0
  1262 | D:2      | Reached XP level 3. HP: 30/30 MP: 0/0
  1262 | D:2      | Learned a level 1 spell: Necrotise
  1411 | D:2      | Found an iron altar of Okawaru.
  2190 | D:3      | Noticed a scorpion
  2215 | D:2      | HP: 1/30 [orc/+0 whip (1)]
  2216 | D:2      | Slain by a scorpion

Illustrated notes

Levels and vault maps discovered:
D:1:      dpeg_arrival_rhombus, layout_loops_ring, serial_forest,
          infiniplex_forest_straight_4, infiniplex_forest_clump_curved,
          infiniplex_forest_join, infiniplex_forest_split,
          infiniplex_forest_3_way, infiniplex_forest_straight_3,
          infiniplex_forest_lined_room_2, infiniplex_forest_lined_corner
D:2:      layout_basic, basic_altar, minmay_statues_item
D:3:      layout_rooms, solitary_fountain

Skill      XL: |  1  2 |
---------------+-------+-----
Stealth        | 2 |  2.0
Fighting       | |  3.4
Short Blades   | |  0.3
Long Blades    | |  2.9
Dodging        | |  3.5
Spellcasting   | |  0.6

Action                   || total
-------------------------++-------
Melee: Falchion          ||    59
       Dagger            ||    56
 Stab: Sleeping          ||     4
Armor: Robe              ||     4
       Leather armour    ||    12
       Chain mail        ||    26
       Ring mail         ||     3
Dodge: Dodged            ||    62

Table legend: (Time is in decaauts)
 A = Elapsed time spent in this place.
 B = Non-inter-level travel time spent in this place.
 C = Inter-level travel time spent in this place.
 D = Time resting spent in this place.
 E = Time spent auto-exploring this place.
 F = Levels seen in this place.
 G = Mean time per level.
                   A        B        C        D        E       F      G
               +--------+--------+--------+--------+--------+-----+--------+
         Total |   2220 |   2148 |     72 |      0 |   1790 |   3 |  740.0 |
       Dungeon |   2220 |   2148 |     72 |      0 |   1790 |   3 |  740.0 |
               +--------+--------+--------+--------+--------+-----+--------+

Top non-repeatable levels by time:
     D:1: 1241 daAuts
     D:2: 961 daAuts
     D:3: 16 daAuts
